 Dungeon Crawl Stone Soup version 0.27.0-1-g7a089689b8 (webtiles) character file.

Game seed: 3721230349019261624

130 dtburroughs the Skirmisher (level 4, -6/41 HPs)
             Began as a Minotaur Berserker on Aug 1, 2021.
             Was a Believer of Trog.
             Mangled by an ogre (24 damage)
             ... on level 4 of the Dungeon on Aug 3, 2021.
             The game lasted 00:05:47 (3076 turns).

dtburroughs the Skirmisher (Minotaur Berserker)     Turns: 3076, Time: 00:05:47

Health: -6/41      AC: 15    Str: 22    XL:     4   Next: 90%
Magic:  3/3        EV:  7    Int:  5    God:    Trog [**....]
Gold:   159        SH:  0    Dex:  9    Spells: 3/3 levels left

rFire    . . .     SeeInvis .   a - +0 hand axe
rCold    . . .     Faith    .   (no shield)
rNeg     + . .     Spirit   .   u - +0 plate armour
rPois    .         Reflect  .   (helmet restricted)
rElec    .         Harm     .   p - +0 cloak
rCorr    +         Rampage  .   e - +1 pair of gloves
Will     .....                  (no boots)
Stlth    ..........             (no amulet)
HPRegen  0.13/turn              n - ring of positive energy
MPRegen  0.08/turn              q - ring of resist corrosion

@: no status effects
A: horns 2, retaliatory headbutt
a: Renounce Religion, Berserk, Trog's Hand


You were on level 4 of the Dungeon.
You worshipped Trog.
Trog was pleased with you.
You visited 1 branch of the dungeon, and saw 4 of its levels.

You collected 159 gold pieces.

Inventory:

Hand Weapons
 a - a +0 hand axe (weapon)
Armour
 e - a +1 pair of gloves (worn)
 p - a +0 cloak (worn)
 u - a +0 plate armour (worn)
Jewellery
 f - a ring of fire
 l - a ring of magical power
 n - a ring of positive energy (left hand)
 q - a ring of resist corrosion (right hand)
Scrolls
 b - a scroll of immolation {unknown}
 c - a scroll of fog {unknown}
 d - a scroll of enchant armour {unknown}
 g - 2 scrolls of identify {unknown}
 j - a scroll of summoning {unknown}
 k - a scroll of vulnerability {unknown}
 r - 2 scrolls of amnesia {unknown}
 s - a scroll of magic mapping {unknown}
 t - a scroll of teleportation {unknown}
Potions
 h - a potion of ambrosia {unknown}
 i - a potion of might {unknown}
 m - 2 potions of curing {unknown}
 o - a potion of heal wounds {unknown}


   Skills:
 + Level 4.6 Fighting
 + Level 4.6 Axes
 + Level 3.7 Armour
 + Level 3.4 Dodging


You had 3 spell levels left.
You didn't know any spells.
Your spell library was empty.

Dungeon Overview and Level Annotations

Branches:
Dungeon (4/15)
 Temple: D:4-7

Altars:


Innate Abilities, Weirdness & Mutations

You have a pair of horns on your head.
You reflexively headbutt those who attack you in melee.


Message History

You see here a ball python corpse.
A frilled lizard comes into view.
The frilled lizard hisses angrily.
The frilled lizard barely misses you. You furiously retaliate!
You headbutt the frilled lizard!
You kill the frilled lizard!
Trog accepts your kill.
You see here a frilled lizard corpse.
You see here a frilled lizard corpse.
There is an open door here.
You see here a staff of earth.
You see here a ball python corpse.
You see here a +0 dagger.
Done exploring.
Done exploring.
There is an open door here.
There is a stone staircase leading down here.
You climb downwards.
You hear the sound of rushing water.
There is an entrance to a sewer on this level.
Hurry and find it before the portal rusts away!
Found a pair of embroidered gloves.
There is a stone staircase leading up here.
Found a stone staircase leading up.
You see here a +1 pair of gloves.
You start putting on your armour.
You continue putting on your +1 pair of gloves. x4
You finish putting on your +1 pair of gloves.
An ogre comes into view. It is wielding a +0 giant spiked club.
The ogre hits you with a +0 giant spiked club!!
Ouch! That really hurt!
You hit the ogre.
The ogre is lightly wounded.
You slash the ogre! Your headbutt misses the ogre.
The ogre is heavily wounded.
The ogre barely misses you.
You barely miss the ogre.
The ogre is heavily wounded.
The ogre hits you with a +0 giant spiked club!!
Ouch! That really hurt!
You die...

......###.##
#.# .....
#<.# #.#
.... #..#
#.# ...
#...#.# #.#
.# ##.##.#
#.# #.
#.###.# #
#.....#
#.######.#
#.....O@.#
########.#
#... ##.##
.# .# .#


You could see an ogre.

Vanquished Creatures
  Crazy Yiuf (D:2)
  3 gnolls (D:2)
  4 adders
  A dart slug (D:3)
  An orc (D:3)
  3 bats
  2 endoplasms
  A giant cockroach (D:1)
  3 hobgoblins
  2 jackals (D:2)
  7 ball pythons
  2 frilled lizards (D:3)
  3 kobolds
  5 rats
38 creatures vanquished.

Notes
Turn   | Place    | Note
-------+----------+-------------------------------------------
     0 | D:1      | dtburroughs the Minotaur Berserker began the quest for the
                  | Orb.
     0 | D:1      | Reached XP level 1. HP: 19/19 MP: 0/0
   879 | D:1      | Reached XP level 2. HP: 27/27 MP: 1/1
  1202 | D:2      | Reached XP level 3. HP: 33/33 MP: 2/2
  1331 | D:2      | Found a faded altar of an unknown god.
  1354 | D:2      | Reached XP level 4. HP: 14/41 MP: 3/3
  1882 | D:2      | Reached ** piety under Trog
  1968 | D:2      | Found a runed translucent door.
  1969 | D:2      | Noticed Crazy Yiuf
  2056 | D:2      | Killed Crazy Yiuf
  3072 | D:4      | Noticed an ogre
  3076 | D:4      | Mangled by an ogre

Illustrated notes

Levels and vault maps discovered:
D:1:      grunt_arrival_lava_bath, layout_basic
D:2:      layout_basic, shapermc_ecumenical_altar_acropolis,
          wad_floor_pattern_untrapped, uniq_crazy_yiuf_cottage
D:3:      layout_basic, grunt_ministairs_3
D:4:      layout_loops_ring, lemuel_round_altar, temple_fountains,
          portal_sewer_entry_f, uniq_blork_the_orc, uniq_grinder

Skill      XL: |  1  2  3 |
---------------+----------+-----
Fighting       | 4 |  4.6
Axes           | 4 |  4.6
Armour         | 3 |  3.7
Dodging        | 3 |  3.4

Action                   |  1- 3 |  4- 6 || total
-------------------------+-------+-------++-------
Melee: Hand axe          |    52 |    29 ||    81
       Headbutt          |     9 |     6 ||    15
Invok: Berserk           |     1 |     1 ||     2
       Trog's Hand       |       |     1 ||     1
Armor: Ring mail         |     5 |     6 ||    11
       Animal skin       |     1 |       ||     1
       Plate armour      |       |     2 ||     2
Dodge: Dodged            |    38 |    19 ||    57
